 Dungeon Crawl Stone Soup version 0.30.0-15-g856e2d3f33 (webtiles) character file.

Game seed: 14846504373744035665

151 hito the Ruffian (level 5, 0/53 HPs)
             Began as a Troll Monk on May 19, 2023.
             Was a Believer of Okawaru.
             Slain by a gnoll
             ... wielding a +0 spear
              (3 damage)
             ... on level 4 of the Dungeon.
             The game lasted 00:02:53 (2598 turns).

hito the Ruffian (Troll Monk)                       Turns: 2598, Time: 00:02:54

Health: 0/53       AC:  4    Str: 21    XL:     5   Next: 11%
Magic:  3/5        EV: 12    Int:  6    God:    Okawaru [**....]
Gold:   209        SH:  0    Dex: 12    Spells: 4/4 levels left

rFire   . .          .
                       - Unarmed
rCold   . . .        c - orb {light}
rNeg    . . .        a - +0 robe
rPois   .            (helmet restricted)
rElec   .            (no cloak)
rCorr   .            (gloves unavailable)
SInv    .            (boots unavailable)
Will    .....        (no amulet)
Stlth   +            (no ring)
HPRegen 1.08/turn    (no ring)
MPRegen 0.09/turn

%: no passive effects
@: heroic, glowing
A: large, unfitting armour, claws 3, regeneration 1, shaggy fur 1, tough skin 1
a: Renounce Religion, Heroism


You were on level 4 of the Dungeon.
You worshipped Okawaru.
Okawaru was pleased with you.
You visited 1 branch of the dungeon, and saw 4 of its levels.

You collected 209 gold pieces.

Inventory:

Missiles
 d - 3 javelins (quivered)
 e - 52 stones
 i - 6 boomerangs
Armour
 a - a +0 robe (worn)
 c - an orb of light (worn)
Scrolls
 f - 2 scrolls of fog {unknown}
 h - 2 scrolls of identify {unknown}
 j - a scroll of torment {unknown}
 k - a scroll of vulnerability {unknown}
 l - a scroll of brand weapon {unknown}
 m - a scroll of blinking {unknown}
 r - 2 scrolls of teleportation {unknown}
Potions
 b - a potion of ambrosia
 g - 2 potions of attraction {unknown}
 n - a potion of degeneration {unknown}
 o - 2 potions of resistance {unknown}
 p - a potion of haste {unknown}
 q - a potion of lignification {unknown}
 s - a potion of curing {unknown}
 t - a potion of brilliance {unknown}


   Skills:
 + Level 3.2(8.2) Fighting
 + Level 3.1(8.1) Dodging
 + Level 3.9(8.9) Unarmed Combat
 - Level 2.0 Invocations


You had 4 spell levels left.
You didn't know any spells.
Your spell library contained the following spells:

 Spells                   Type           Power      Damage    Failure   Level
 Scorch                   Fire           0%         2d5       58%         2
 Flame Wave               Conj/Fire      0%         2d4       99%         4
 Summon Cactus Giant      Summ           Unusable   N/A       N/A         6

Dungeon Overview and Level Annotations

Branches:
Dungeon (4/15)
 Temple: D:4-7

Altars:
Okawaru

Shops:
D:1 :


Innate Abilities, Weirdness & Mutations

You are too large for most types of armour.
You have claws for hands.
Your natural rate of healing is unusually fast.
You are covered in fur. (AC +1)
You have tough skin. (AC +1)


Message History

The gnoll closely misses you.
The gnoll hits you from afar with a +0 spear.
You scratch the gnoll.
The gnoll is severely wounded.
The gnoll closely misses you.
The gnoll hits you from afar with a +0 spear.
* * * LOW HITPOINT WARNING * * *
You scratch the gnoll but do no damage.
The gnoll is severely wounded.
The gnoll barely misses you. x2
You scratch the gnoll but do no damage.
The gnoll is severely wounded.
The gnoll hits you with a +0 club.
* * * LOW HITPOINT WARNING * * *
The gnoll hits you but does no damage. The gnoll attacks as you move away!
The gnoll hits you with a +0 club.
* * * LOW HITPOINT WARNING * * *
You aren't carrying any items that you can evoke.
You scratch the gnoll but do no damage.
The gnoll is severely wounded.
The gnoll hits you with a +0 club.
* * * LOW HITPOINT WARNING * * *
The gnoll hits you but does no damage.
You barely miss the gnoll.
The gnoll is severely wounded.
The gnoll completely misses you.
The gnoll hits you from afar with a +0 spear.
* * * LOW HITPOINT WARNING * * *
You gain the combat prowess of a mighty hero.
Okawaru will no longer gift you throwing weapons.
The gnoll hits you but does no damage. The gnoll barely misses you.
You mangle the gnoll!!
You kill the gnoll!
Okawaru accepts your kill.
The gnoll hits you from afar with a +0 spear.
* * * LOW HITPOINT WARNING * * *
Training target 2.0 for Invocations reached!
Your Invocations skill increases to level 2!
The gnoll hits you with a +0 spear.
You die...

#. #.# #.## #. #.#
#.# #. #.# #.##
#.##.# #... #..#.#
##.. #)#.# #.#
#.#.# ###.# #g#<#
#....
#@#.##########.###
#.#............# #
##.############.#
# #...# #..).
#..## ##### #.##
#.# #.# #.#


You could see a gnoll.

Vanquished Creatures
  2 gnolls (D:4)
  6 adders
  2 worms
  4 dart slugs
  An orc (D:4)
  5 endoplasms
  4 giant cockroaches
  8 goblins
  5 hobgoblins
  A jackal (D:2)
  7 kobolds
  A quokka (D:4)
  6 ball pythons
  7 bats
  2 frilled lizards
  4 rats
65 creatures vanquished.

Notes
Turn   | Place    | Note
-------+----------+-------------------------------------------
     0 | D:1      | hito the Troll Monk began the quest for the Orb.
     0 | D:1      | Reached XP level 1. HP: 22/22 MP: 0/0
    22 | D:1      | Found Nolorosch's Book Emporium.
   168 | D:1      | Reached XP level 2. HP: 29/29 MP: 1/1
   528 | D:1      | Found a faded altar of an unknown god.
   569 | D:1      | Prayed at the altar of an unknown god.
   569 | D:1      | Became a worshipper of Warmaster Okawaru
   569 | D:1      | Reached * piety under Okawaru
   569 | D:1      | Reached ** piety under Okawaru
  1077 | D:2      | Reached XP level 3. HP: 33/36 MP: 2/2
  1354 | D:2      | Reached skill level 1 in Invocations
  1444 | D:2      | Reached *** piety under Okawaru
  1445 | D:2      | Reached XP level 4. HP: 45/45 MP: 3/3
  2584 | D:4      | Reached XP level 5. HP: 29/53 MP: 5/5
  2597 | D:4      | HP: 2/53 [gnoll/+0 spear (6)]
  2598 | D:4      | Slain by a gnoll

Illustrated notes

Levels and vault maps discovered:
D:1:      dpeg_arrival_orchard, layout_basic,
          hellmonk_ecumenical_altar_heavens_door, serial_shops,
          nicolae_book_shop_shelving
D:2:      minmay_razor_zed, layout_loops_corners
D:3:      layout_basic, kennysheep_generic_room_7
D:4:      layout_loops_ring, ebering_ghost_sewer_d

Skill      XL: |  1  2  3  4  5 |
---------------+----------------+-----
Invocations    | 1 2 |  2.0
Fighting       | 3 |  3.2
Dodging        | 3 |  3.1
Unarmed Combat | |  3.9

Action                     |  1- 3 |  4- 6 || total
---------------------------+-------+-------++-------
  Melee: Unarmed           |    68 |    74 ||   142
 Invoke: Heroism           |       |     1 ||     1
 Armour: Robe              |    31 |    21 ||    52
  Dodge: Dodged            |    28 |    32 ||    60
